Map: Ruins of Seras

Players

TOP

  • Race: Terran Terran

FireCake - Winner!

  • Race: Zerg Zerg
  • League: Grandmaster

Event: Gauntlet LotV Series 1 Qualifier 2

VOD

Have the link to the VOD?

Description

Time

  • Played on: Dec. 5, 2015, 3:48 p.m.
  • Length: 5:10

All games in this series

Show
View Real Time Build Order
Export as new Build Order

TOP Terran 

Build Orders: Reaper Expand, Hellion Banshee 

Get SALT Encoding   

  12  0:01  SCV  
  13  0:13  SCV  
  14  0:19  Supply Depot  
  14  0:25  SCV  
  15  0:40  SCV  
  15  0:41  Barracks  
  16  0:45  Refinery  
  16  0:52  SCV  
  17  1:04  SCV  
  18  1:16  SCV  
  19  1:28  Reaper  
  19  1:29  Orbital Command  
  20  1:44  Command Center  
  20  1:53  Supply Depot  
  20  1:56  SCV  
  20  2:00  Refinery  
  21  2:05  Barracks Reactor  
  21  2:08  SCV  
  22  2:22  Factory  
  22  2:24  SCV  
  23  2:38  SCV  
  23  2:42  Marine x2  
  26  2:50  SCV  
  27  2:55  Orbital Command  
  27  3:02  SCV  
  28  3:08  Starport  
  28  3:13  Barracks Tech Lab  
  28  3:14  Starport  
  28  3:17  Hellion x2  
  32  3:21  SCV  
  32  3:24  SCV  
  33  3:33  SCV  
  34  3:36  SCV  
  34  3:39  Hellion  
  34  3:40  Hellion  
  39  3:46  SCV  
  40  3:50  Banshee  
  40  3:53  Starport Tech Lab  
  40  3:55  Supply Depot  
  43  4:02  Supply Depot  
  43  4:06  SCV x2  
  45  4:16  Banshee  
  48  4:19  Hellion x2  
  50  4:40  Hellion x2  
  37  4:48  SCV x2  
Show
View Real Time Build Order
Export as new Build Order

FireCake Zerg - Winner!

Build Orders: Hatch First, Roach Nydus 

Get SALT Encoding   

  12  0:00  Drone  
  13  0:09  Drone  
  14  0:17  Overlord  
  14  0:22  Extractor  
  14  0:23  Drone  
  17  0:35  Drone x2  
  17  0:53  Hatchery  
  17  0:55  Drone  
  17  0:59  Drone  
  18  1:09  Extractor  
  17  1:14  Spawning Pool  
  17  1:17  Drone  
  17  1:20  Drone  
  18  1:28  Drone  
  19  1:37  Overlord  
  19  1:49  Drone  
  20  1:59  Drone  
  20  2:01  Queen  
  21  2:04  Queen  
  21  2:05  Drone  
  26  2:13  Drone  
  27  2:19  Drone  
  28  2:24  Drone  
  28  2:29  Drone  
  30  2:33  Drone  
  30  2:36  Drone  
  32  2:40  Queen  
  32  2:43  Lair  
  34  2:45  Overlord  
  34  2:49  Drone  
  35  2:59  Drone  
  35  3:03  Extractor  
  35  3:04  Extractor  
  34  3:06  Roach Warren  
  34  3:12  Drone  
  34  3:13  Drone x7  
  41  3:31  Overlord  
  41  3:34  Drone  
  41  3:35  Drone, Overlord  
  43  3:41  Queen  
  43  3:42  Nydus Network  
  43  3:44  Overseer  
  43  3:46  Overlord  
  44  3:53  Roach x2  
  48  3:56  Roach  
  48  3:59  Roach  
  48  4:02  Roach  
  54  4:08  Roach  
  54  4:09  Roach  
  58  4:15  Roach x2  
  62  4:18  Nydus Canal  
  62  4:20  Roach  
  64  4:24  Overlord  
  64  4:28  Roach  
  70  4:46  Roach x2  
Tags
 
Add a new tag
Caveats
  • Supply blocks, unpowered buildings, or Contaminate may cause inaccurate times.
  • Supply counts are checked every 10 seconds.